 Dungeon Crawl Stone Soup version 0.29.0-7-g18a832c13a (webtiles) character file.

Game seed: 4507820830695067719

137 SensoryNuts the Sneak (level 5, -4/42 HPs)
             Began as a Draconian Brigand on Aug 30, 2022.
             Slain by an ogre
             ... wielding a +0 giant spiked club
              (10 damage)
             ... on level 4 of the Dungeon.
             The game lasted 00:04:09 (2822 turns).

SensoryNuts the Sneak (Draconian Brigand)           Turns: 2822, Time: 00:04:10

Health: -4/42      AC:  5    Str: 14    XL:     5   Next: 0%
Magic:  5/5        EV: 12    Int: 11    God:
Gold:   154        SH:  0    Dex: 14    Spells: 4/4 levels left

rFire   + . .      SeeInvis +   a - +2 dagger
rCold   + . .      Faith    .   (no shield)
rNeg    + . .      Spirit   .   (body armour unavailable)
rPois   +          Reflect  .   i - -2 hat of the Alchemist {rElec rPois rF+ rC+ rN+ Will+ rMut rCorr}
rElec   +          Harm     .   b - +0 cloak
rCorr   +          Rampage  .   (no gloves)
rMut    +                       h - +0 pair of boots
Will    +....                   (no amulet)
Stlth   +++.......              e - ring of see invisible
HPRegen 0.14/turn               (no ring)
MPRegen 0.09/turn

@: no status effects
A: AC +5, unfitting armour, cold-blooded
a: no special abilities


You were on level 4 of the Dungeon.
You visited 1 branch of the dungeon, and saw 4 of its levels.

You collected 154 gold pieces.

Inventory:

Hand Weapons
 a - a +2 dagger (weapon)
Missiles
 c - 9 poisoned darts (quivered)
 d - 3 curare-tipped darts
Armour
 b - a +0 cloak (worn)
 h - a +0 pair of boots (worn)
 i - the -2 hat of the Alchemist (worn) {rElec rPois rF+ rC+ rN+ Will+ rMut rCorr}
   (You found it on level 2 of the Dungeon)

   rF:        It protects you from fire.
   rC:        It protects you from cold.
   rElec:     It insulates you from electricity.
   rPois:     It protects you from poison.
   rN:        It protects you from negative energy.
   rCorr:     It protects you from acid and corrosion.
   rMut:      It protects you from mutation.
   Will:      It increases your willpower.
Jewellery
 e - a ring of see invisible (left hand)
 g - a ring of protection from cold
Scrolls
 f - 2 scrolls of identify
Potions
 j - a potion of cancellation
 k - a potion of curing {unknown}


   Skills:
 + Level 2.4 Fighting
 + Level 3.0(3.2) Short Blades
 * Level 1.8(2.7) Long Blades
 + Level 2.0 Throwing
 + Level 1.1 Dodging
 + Level 4.8 Stealth


You had 4 spell levels left.
You didn't know any spells.
Your spell library contained the following spells:

 Spells                   Type           Power      Damage    Failure   Level
 Magic Dart               Conj           0%         1d3       34%         1
 Ensorcelled Hibernation  Hex/Ice        0%         N/A       47%         2
 Passwall                 Tmut/Erth      0%         N/A       47%         2
 Searing Ray              Conj           0%         2d4       47%         2
 Swiftness                Air            0%         N/A       71%         3
 Fulminant Prism          Conj/Hex       0%         3d6       98%         4


Dungeon Overview and Level Annotations

Branches:
Dungeon (4/15)
 Temple: D:4-7

Altars:
Ashenzari
Dithmenos
Fedhas
Kikubaaqudgha
Trog
Zin

Shops:
D:2 [

Annotations:
D:3 2 runed translucent doors, unlimited1921's ghost, amateur DjFE


Innate Abilities, Weirdness & Mutations

Your plain brown scales are hard. (AC +5)
You cannot fit into any form of body armour.
You are cold-blooded and may be slowed by cold attacks.


Message History

No target in view!
You open the door.
An ogre comes into view. It is wielding a +0 giant spiked club.
A worm comes into view.
Found a scroll labelled ZETTOS GAEH.
There are monsters nearby!
There are monsters nearby!
A ball python and a hobgoblin come into view.
The ogre shouts!
The ball python hisses angrily.
There is an open door here.
The hobgoblin hits you.
You hit the hobgoblin.
The hobgoblin is severely wounded.
The hobgoblin closely misses you.
You closely miss the hobgoblin. You punch the hobgoblin.
The hobgoblin is almost dead.
You hit the hobgoblin but do no damage.
Your tail-slap misses the hobgoblin.
The hobgoblin is almost dead.
The hobgoblin closely misses you. The ball python barely misses you.
The ball python misses you. The worm completely misses you.
You hit the hobgoblin but do no damage.
The hobgoblin is almost dead.
The ogre hits you with a +0 giant spiked club!
The hobgoblin hits you.
The ball python bites you but does no damage.
The ball python misses you.
You hit the hobgoblin.
You kill the hobgoblin!
The ball python closely misses you. The ball python barely misses you.
The worm closely misses you.
You have reached level 5!
The ball python attacks as you move away!
The ball python closely misses you. The ogre attacks as you move away!
The ogre hits you with a +0 giant spiked club!
* * * LOW HITPOINT WARNING * * *
There is an open door here.
The ball python attacks as you move away!
The ball python barely misses you. x2; The ogre attacks as you move away!
The ogre hits you with a +0 giant spiked club!
You die...

#. ### #. ...###. #. ####
## .......#####. #.. #.
........?.##.#####.# #.
..........+.. .....# #.
.......w..##.####..#####.
.......SO.##.#...........
...#####@###.#.........#.
#.....#.........#.#.
#...#.###.#.....#.##
#)..#...#.........#
#...#....#.....#...
#...#....#.........+
....#....#.........#
.....#....#........
....###....+.......


You could see an ogre, a worm and a ball python.

Vanquished Creatures
  2 hounds (D:4)
  3 adders (D:2)
  2 orcs (D:3)
  9 ball pythons
  5 bats
  5 endoplasms (D:1)
  A giant cockroach (D:4)
  4 goblins (D:3)
  4 hobgoblins
  3 jackals (D:1)
  A kobold (D:4)
  2 quokkas (D:1)
  2 frilled lizards
  2 rats
45 creatures vanquished.

Notes
Turn   | Place    | Note
-------+----------+-------------------------------------------
     0 | D:1      | SensoryNuts the Draconian Brigand began the quest for the
                  | Orb.
     0 | D:1      | Reached XP level 1. HP: 17/17 MP: 1/1
   252 | D:1      | Reached XP level 2. HP: 24/24 MP: 2/2
   296 | D:1      | Reached skill level 4 in Stealth
   654 | D:1      | Reached skill level 1 in Long Blades
   694 | D:1      | Found a faded altar of an unknown god.
  1093 | D:2      | Reached XP level 3. HP: 29/29 MP: 3/3
  1153 | D:2      | Identified the +0 helmet "Punu Xas" {Will+}
  1201 | D:2      | Found the -2 hat of the Alchemist {rElec rPois rF+ rC+ rN+
                  | Will+ rMut rCorr}
  1418 | D:2      | Found Meuptil's Armour Emporium.
  2220 | D:3      | Found a large runed translucent door.
  2220 | D:3      | Found a large runed translucent door.
  2227 | D:3      | Found a bloodstained altar of Trog.
  2227 | D:3      | Found a broken altar of Ashenzari.
  2227 | D:3      | Found an ancient bone altar of Kikubaaqudgha.
  2227 | D:3      | Found a blossoming altar of Fedhas.
  2235 | D:3      | Found a glowing silver altar of Zin.
  2240 | D:3      | Found a shadowy altar of Dithmenos.
  2247 | D:3      | Reached XP level 4. HP: 36/36 MP: 4/4
  2271 | D:3      | Noticed unlimited1921's ghost (amateur DjFE)
  2607 | D:4      | Noticed a scorpion
  2635 | D:4      | Reached skill level 1 in Dodging
  2813 | D:4      | Noticed an ogre
  2821 | D:4      | Reached XP level 5. HP: 22/42 MP: 5/5
  2822 | D:4      | Slain by an ogre

Illustrated notes

Levels and vault maps discovered:
D:1:      amcnicky_arrival_abandoned_market, layout_rooms,
          basic_ecumenical_altar, st_stairs_8
D:2:      layout_loops_ring, serial_shops, nicolae_shop_window_shopping
D:3:      layout_loops_ring, minmay_overflow_temple_hex,
          ebering_ghost_disaster_area
D:4:      layout_basic, uniq_pikel

Skill      XL: |  1  2  3  4 |
---------------+-------------+-----
Stealth        | 4 |  4.8
Throwing       | 2 |  2.0
Long Blades    | 1 |  1.8
Dodging        | 1 |  1.1
Short Blades   | 3 |  3.0
Fighting       | |  2.4

Action                   |  1- 3 |  4- 6 || total
-------------------------+-------+-------++-------
Melee: Dagger            |    99 |    38 ||   137
       Tailslap          |    16 |     5 ||    21
       Punch             |       |     1 ||     1
  Use: Scroll            |     6 |       ||     6
       Potion            |     2 |       ||     2
 Stab: Sleeping          |    16 |     2 ||    18
Armor: Skin              |    40 |    15 ||    55
Dodge: Dodged            |    62 |    31 ||    93
